 Dungeon Crawl Stone Soup version 0.30.1-11-g7821555f0a (webtiles) character file.

Game seed: 10870094667008758057

96189 Peloso the Fencer (level 15, -5/145 HPs)
             Began as a Minotaur Fighter on Oct 28, 2023.
             Was the Champion of Okawaru.
             Slain by Agnes
             ... wielding a +1 lajatang of distortion
              (26 damage)
             ... on level 14 of the Dungeon.
             The game lasted 00:43:54 (23120 turns).

Peloso the Fencer (Minotaur Fighter)               Turns: 23120, Time: 00:43:54

Health: -5/145     AC: 34    Str: 25    XL:     15   Next: 68%
Magic:  21/23      EV: 15    Int:  5    God:    Okawaru [******]
Gold:   2556       SH: 15    Dex: 17    Spells: 14/14 levels left

rFire   + . .        a - +11 Singing Sword {sonic wave}
rCold   . . .        d - +0 kite shield
rNeg    + + .        r - +8 chain mail of Poolehaq {rN+}
rPois   .            f - +2 hat
rElec   .            (no cloak)
rCorr   .            K - +0 pair of gloves
SInv    .            R - +4 pair of boots "Ysoofif" {+Blink rN+ Str+2}
Will    +....        (no amulet)
Stlth   +            p - ring of protection from fire
HPRegen 0.44/turn    T - ring "Amiseipli" {MP+9 Str+2 Slay+4}
MPRegen 0.18/turn

%: no passive effects
@: heroic, on berserk cooldown, slowed, very slow
A: horns 2, retaliatory headbutt
a: Renounce Religion, Evoke Blink, Heroism, Finesse, Duel


You were on level 14 of the Dungeon.
You worshipped Okawaru.
Okawaru was exalted by your worship.
You visited 5 branches of the dungeon, and saw 23 of its levels.
You visited the Abyss 1 time.
You also visited: Ossuary.

You collected 2830 gold pieces.
You spent 274 gold pieces at shops.

Inventory:

Hand Weapons
 a - the +11 Singing Sword (weapon) {sonic wave}
   (You found it on level 6 of the Dungeon)
 b - a +2 heavy scimitar
 c - a +3 falchion of flaming
 D - a +3 demon blade of draining
Armour
 d - a +0 kite shield (worn)
 f - a +2 hat (worn)
 i - a +3 chain mail of cold resistance
 r - the +8 chain mail of Poolehaq (worn) {rN+}
   (Okawaru gifted it to you on level 13 of the Dungeon)

   rN:        It protects you from negative energy.
 K - a +0 pair of gloves (worn)
 R - the +4 pair of boots "Ysoofif" (worn) {+Blink rN+ Str+2}
   (Okawaru gifted it to you on level 5 of the Lair of Beasts)

   Str:       It affects your strength (+2).
   rN:        It protects you from negative energy.
   +Blink:    It lets you blink.
Jewellery
 h - a ring of ice
 l - an amulet of guardian spirit
 p - a ring of protection from fire (left hand)
 v - a ring of flight
 y - an amulet of magic regeneration
 F - a +4 ring of protection
 M - an amulet of faith
 N - a ring of poison resistance
 O - a ring of protection from cold
 S - a ring of resist corrosion
 T - the ring "Amiseipli" (right hand) {MP+9 Str+2 Slay+4}
   (You found it on level 2 of the Lair of Beasts)

   [ring of magical power]

   Str:       It affects your strength (+2).
   Slay:      It affects your accuracy & damage with ranged weapons and melee
   (+4).
   MP:        It affects your magic capacity (+9).
 V - a ring of ice
Wands
 w - a wand of roots (9)
 A - a wand of flame (8)
 L - a wand of mindburst (5)
 P - a wand of digging (4)
 Q - a wand of polymorph (6)
Scrolls
 g - 18 scrolls of teleportation
 j - 2 scrolls of blinking
 k - 7 scrolls of identify
 m - 7 scrolls of magic mapping
 n - a scroll of torment
 B - 5 scrolls of poison
 C - 3 scrolls of immolation
 E - a scroll of enchant weapon
 H - a scroll of fog
 J - 3 scrolls of enchant armour
 Y - 2 scrolls of fear
Potions
 e - 3 potions of might
 o - a potion of resistance
 q - 3 potions of berserk rage
 s - 4 potions of brilliance {unknown}
 t - 4 potions of haste {unknown}
 x - 3 potions of lignification {unknown}
 z - 4 potions of degeneration {unknown}
 G - 2 potions of invisibility
 I - 5 potions of flight {unknown}
 U - 5 potions of attraction {unknown}
 W - 3 potions of mutation
 X - 2 potions of cancellation {unknown}
 Z - 6 potions of curing


   Skills:
 + Level 16.5(21.5) Fighting
 + Level 19.3(24.3) Long Blades
 + Level 17.0(22.0) Armour
 + Level 6.9(11.9) Dodging
 + Level 2.2(7.2) Stealth
 + Level 13.5(18.5) Shields
 + Level 0.7 Invocations
 + Level 1.0 Evocations


You had 14 spell levels left.
You didn't know any spells.
Your spell library contained the following spells:

 Spells                   Type           Power      Damage    Failure   Level
 Magic Dart               Conj           0%         1d3       86%         1
 Ensorcelled Hibernation  Hex/Ice        0%         N/A       95%         2
 Passwall                 Tmut/Erth      0%         N/A       95%         2
 Searing Ray              Conj           0%         2d4       95%         2
 Sublimation of Blood     Necr           0%         N/A       95%         2
 Wereblood                Tmut           0%         N/A       95%         2
 Ozocubu's Armour         Ice            0%         N/A       99%         3
 Portal Projectile        Hex/Tloc       0%         N/A       99%         3
 Swiftness                Air            0%         N/A       99%         3
 Fulminant Prism          Conj/Hex       0%         3d5       100%        4
 Blade Hands              Tmut           0%         N/A       100%        5
 Ozocubu's Refrigeration  Ice            0%         4d7       100%        7
 Summon Small Mammal      Summ           Unusable   N/A       N/A         1
 Call Canine Familiar     Summ           Unusable   N/A       N/A         3
 Summon Guardian Golem    Hex/Summ       Unusable   N/A       N/A         3
 Tukima's Dance           Hex            Unusable   N/A       N/A         3
 Summon Hydra             Summ           Unusable   N/A       N/A         7

Dungeon Overview and Level Annotations

Branches:
Dungeon (14/15)            Temple (1/1) D:6            Lair (5/5) D:9
  Swamp (0/4) Lair:3        Snake (1/4) Lair:2        Slime (0/5) Lair:5
    Orc (2/2) D:11            Elf (0/3) Orc:2        Vaults (0/5) D:13
Ossuary (visited)

Altars:
Ashenzari
Cheibriados
Dithmenos
Elyvilon
Fedhas
Gozag
Hepliaklqana
Kikubaaqudgha
Makhleb
Nemelex Xobeh
Okawaru
Qazlal
Ru
Sif Muna
Trog
Uskayaw
Vehumet
Wu Jian
Xom
Yredelemnul
Zin
The Shining One
Jiyva

Shops:
D:7 *   D:8 ?   Orc:2 *[(=*

Annotations:
D:12 Casa
D:14 Agnes
Lair:2 3 runed translucent doors, Peloso's ghost, journeyman MiFi
Lair:3 2 transporters, Hojimuek's ghost, journeyman DsBe


Innate Abilities, Weirdness & Mutations

You have a pair of horns on your head.
You reflexively headbutt those who attack you in melee.


Message History

Something shouts, "Bolt, thou bawdy hasty-witted bloater!"
You hear a bark! x2; You hear a roar!
You hear a horrible gurgling sound! x3
You hear a roar!
You hear a chilling moan.
You hear a croak.
You hear a roar!
You hear a chilling moan.
You hear a roar!
The starspawn tentacle misses you.
You slice the starspawn tentacle!!
The Singing Sword howls.
You send a blast of sound all around you.
The tentacled starspawn is severely damaged.
You destroy the starspawn tentacle!
You hear a bark! x2; You hear a horrible gurgling sound! x2
Tentacles burst from the starspawn's body! 2 starspawn tentacles come into view.
You slice the tentacled starspawn!!
You destroy the tentacled starspawn!
Okawaru accepts your kill.
The starspawn's tentacles wither and die.
Unknown command.
There is a gateway leading out of the Abyss, spattered with blood here.
Okay, then.
You pass through the gate.
Welcome back to the Dungeon!
Level annotation: Agnes You block Agnes's attack.
Agnes closely misses you. You furiously retaliate!
You headbutt Agnes.
You gain the combat prowess of a mighty hero.
Agnes hits you but does no damage. Space warps around you.
* * * LOW HITPOINT WARNING * * *
You block Agnes's attack.
You slice Agnes!!
The Singing Sword pulls out all the stops.
You send a blast of sound all around you.
Agnes is severely wounded.
Your headbutt misses Agnes.
Agnes is severely wounded.
Agnes misses you. You furiously retaliate!
You headbutt Agnes.
Agnes hits you with a +1 lajatang of distortion.
* * * LOW HITPOINT WARNING * * *
Space warps horribly around you!!
You die...

#...# #######..........#
#.#.# #....#.#####
####.###### #....#.#
^.........# #....#.#
.....>....####....#.#
....[........#....#.####
.............#....#....#
...#.###.....#..[.#....###.
...#.#
#.....#..@i#....+..#+#
...#.#
#.....#..(.#....##.#.#
####.#
#.....######....##.#.#
.....# #######
###....##.#.# ### #....#
#......##.#.# #.. ######
#.#....##.#.# #..
#.#....##.#.# #.#
#.#.####....# #.#
#.#.####..#.# #.#


You could see Agnes.

Vanquished Creatures
  A bone dragon (Abyss:2)
  Jorgrun (Orc:1)
  2 tentacled starspawn (Abyss:2)
  Gastronok (Lair:3)
  A quicksilver dragon (Abyss:2)
  2 orc warlords
  A draconian shifter (Abyss:2)
  A cacodemon (Abyss:2)
  An ironbound preserver (D:13)
  A dire elephant (Lair:5)
  Josephine (D:13)
  A fire dragon (Lair:5)
  Fannar (Lair:2)
  An anaconda (Snake:1)
  A hydra (Lair:4)
  An ogre mage (Orc:2)
  5 two-headed ogres
  5 centaur warriors
  An alligator (Lair:5)
  A boulder beetle (D:14)
  3 orc high priests
  2 shock serpents (Snake:1)
  A death yak (Lair:2)
  Nergalle (Lair:2)
  A skyshark (Lair:5)
  4 skeletal warriors (D:14)
  A swamp dragon (Lair:5)
  A flayed ghost (Abyss:2)
  2 bog bodies (Lair:3)
  2 deep elf pyromancers
  A wizard (D:14)
  A lindwurm (Lair:5)
  2 starcursed masses (Abyss:2)
  An ugly thing (D:13)
  4 orc sorcerers
  An oklob plant (Lair:1)
  5 orc knights (Orc:2)
  5 manticores
  A salamander (Snake:1)
  A worldbinder (Abyss:2)
  23 elephants
  5 black mambas
  2 cyclopes
  Joseph (D:9)
  A guardian serpent (Lair:2)
  3 naga magi (Snake:1)
  4 gargoyles
  A smoke demon (Abyss:2)
  2 orange demons (Abyss:2)
  An unseen horror (D:13)
  5 cane toads
  A torpor snail (Lair:2)
  A freezing wraith (D:14)
  5 rime drakes
  4 komodo dragons
  A hellion (Abyss:2)
  An ancient zyme (Abyss:2)
  11 trolls
  A queen bee (shapeshifter) (D:12)
  A hornet (D:10)
  11 polar bears
  8 raiju
  19 blink frogs
  7 dream sheep (Lair:4)
  A shadow (D:11)
  A centaur simulacrum (D:14)
  32 yaks
  2 wyverns
  A basilisk (shapeshifter) (D:14)
  5 wraiths (D:13)
  3 large abominations (Abyss:2)
  7 slime creatures
  6 basilisks
  A chaos spawn (Abyss:2)
  6 steam dragons
  A vampire mosquito (D:13)
  9 wargs
  An acid dragon (Lair:5)
  A naga (Snake:1)
  12 hell hounds (Lair:5)
  8 water moccasins
  2 ice beasts
  33 orc warriors
  A swamp drake (Lair:5)
  3 sky beasts
  15 black bears
  13 ogres
  19 wolves
  8 centaurs
  3 phantoms
  11 bullfrogs
  An elf zombie (D:6)
  8 scorpions
  2 gnoll sergeants
  3 wights (D:8)
  5 electric eels (D:9)
  5 howler monkeys
  2 jellies
  5 hounds (D:9)
  14 orc priests
  4 human skeletons (D:6)
  9 iguanas
  14 orc wizards
  14 hell rats
  2 mummies (Ossuary)
  8 gnolls
  12 adders
  A shadow imp (D:7)
  3 white imps
  An ufetubus (D:5)
  A worm (D:2)
  2 dart slugs
  71 orcs
  6 ball pythons
  9 endoplasms
  3 giant cockroaches
  3 goblins
  8 hobgoblins
  10 jackals
  5 quokkas
  18 bats
  3 frilled lizards
  A gnoll zombie (Ossuary)
  4 goblin zombies (Ossuary)
  2 hobgoblin zombies (Ossuary)
  6 kobolds
  An orc skeleton (D:6)
  7 orc zombies (Ossuary)
  9 rats
  3 starspawn tentacles (Abyss:2)
679 creatures vanquished.

Vanquished Creatures (others)
  An iguana (Lair:5)
  5 starspawn tentacles (Abyss:2)
6 creatures vanquished.

Grand Total: 685 creatures vanquished

Notes
Turn   | Place    | Note
-------+----------+-------------------------------------------
     0 | D:1      | Peloso the Minotaur Fighter began the quest for the Orb.
     0 | D:1      | Reached XP level 1. HP: 19/19 MP: 0/0
   133 | D:1      | Reached XP level 2. HP: 27/27 MP: 1/1
   503 | D:1      | Reached XP level 3. HP: 32/33 MP: 2/2
   898 | D:2      | Reached skill level 3 in Long Blades
  1435 | D:2      | Reached XP level 4. HP: 29/40 MP: 3/3
  1828 | D:3      | Found a blossoming altar of Fedhas.
  1838 | D:3      | Reached skill level 4 in Long Blades
  2348 | D:3      | Identified the +0 chain mail of the Hidden Vale {+Inv Str+5
                  | Dex-3 Stlth+}
  2665 | D:4      | Noticed a bullfrog
  2668 | D:4      | Reached XP level 5. HP: 47/47 MP: 4/4
  2669 | D:4      | Reached skill level 5 in Long Blades
  2669 | D:4      | Reached skill level 1 in Dodging
  2686 | D:4      | Found a stormy altar of Qazlal.
  2806 | D:4      | Found a sparkling altar of Nemelex Xobeh.
  2850 | D:4      | Found a shadowy altar of Dithmenos.
  3117 | D:4      | Noticed a phantom
  3125 | D:4      | Killed a phantom
  3126 | D:4      | Reached XP level 6. HP: 52/53 MP: 5/5
  3298 | D:4      | Found a broken altar of Ashenzari.
  3480 | D:5      | Entered Level 5 of the Dungeon
  3504 | D:5      | Reached skill level 5 in Armour
  3513 | D:5      | Reached skill level 6 in Long Blades
  3566 | D:5      | Reached XP level 7. HP: 57/60 MP: 6/6
  3591 | D:5      | Reached skill level 5 in Shields
  4109 | D:5      | Found a shimmering blue altar of Sif Muna.
  4260 | D:6      | Reached skill level 5 in Fighting
  4260 | D:6      | Reached skill level 7 in Long Blades
  4280 | D:6      | Found a staircase to the Ecumenical Temple.
  4392 | D:6      | Found a sand-covered staircase.
  4401 | Ossuary  | Entered an ossuary
  4460 | Ossuary  | Reached XP level 8. HP: 49/68 MP: 7/7
  4684 | Temple   | Entered the Ecumenical Temple
  4989 | D:6      | Reached skill level 8 in Long Blades
  5141 | D:6      | Found the +11 Singing Sword {sonic wave}
  5149 | D:6      | Reached skill level 9 in Long Blades
  5722 | D:7      | Reached XP level 9. HP: 75/75 MP: 8/8
  5729 | D:7      | Found Nuetow's Assorted Antiques.
  5737 | D:7      | Bought a viscous pink potion for 27 gold pieces
  5737 | D:7      | Bought a viscous pink potion for 27 gold pieces
  5737 | D:7      | Bought a fizzy inky potion for 27 gold pieces
  5737 | D:7      | Bought a scroll labelled LANI NUCETRAY for 31 gold pieces
  5744 | D:7      | Reached skill level 1 in Stealth
  5796 | D:7      | Reached skill level 10 in Long Blades
  6523 | D:8      | Reached skill level 11 in Long Blades
  6538 | D:8      | Reached XP level 10. HP: 56/88 MP: 9/9
  6556 | D:8      | HP: 4/86 [orc priest/divine providence (15)]
  6753 | D:8      | Found Detofib's Magic Scroll Boutique.
  6888 | D:8      | Bought a scroll of magic mapping for 97 gold pieces
  6888 | D:8      | Bought a scroll of identify for 26 gold pieces
  6888 | D:8      | Bought a scroll of teleportation for 39 gold pieces
  7137 | D:9      | Reached skill level 10 in Armour
  7255 | D:9      | Reached skill level 12 in Long Blades
  7549 | D:9      | Found a bloodstained altar of Trog.
  7801 | D:9      | Found a staircase to the Lair.
  8377 | D:9      | Noticed Joseph
  8387 | D:9      | Killed Joseph
  8708 | D:10     | Entered Level 10 of the Dungeon
  8782 | D:10     | Noticed a centaur warrior
  8790 | D:10     | Killed a centaur warrior
  8791 | D:10     | Reached XP level 11. HP: 38/97 MP: 10/10
  9063 | D:10     | Found an iron altar of Okawaru.
  9110 | D:10     | Became a worshipper of Warmaster Okawaru
  9486 | D:10     | Reached skill level 13 in Long Blades
 10049 | D:11     | Found a staircase to the Orcish Mines.
 10203 | D:11     | Reached * piety under Okawaru
 10204 | D:11     | Reached skill level 1 in Evocations
 10823 | Lair:1   | Entered Level 1 of the Lair of Beasts
 10853 | Lair:1   | Reached ** piety under Okawaru
 10952 | Lair:1   | Reached skill level 14 in Long Blades
 11147 | Lair:1   | Reached skill level 10 in Fighting
 11154 | Lair:1   | Reached *** piety under Okawaru
 11561 | Lair:1   | Noticed an oklob plant
 11576 | Lair:1   | Killed an oklob plant
 11831 | Lair:2   | Noticed a death yak
 11839 | Lair:2   | Killed a death yak
 11870 | Lair:2   | Found a staircase to the Snake Pit.
 11889 | Lair:2   | Noticed Fannar
 11897 | Lair:2   | Killed Fannar
 11898 | Lair:2   | Reached skill level 15 in Long Blades
 11898 | Lair:2   | Reached XP level 12. HP: 64/107 MP: 11/11
 12025 | Lair:2   | Identified the ring "Amiseipli" {MP+9 Str+2 Slay+4}
 12037 | Lair:2   | Noticed Nergalle
 12044 | Lair:2   | Killed Nergalle
 12044 | Lair:2   | Reached **** piety under Okawaru
 12143 | Lair:2   | Found a runed translucent gate.
 12143 | Lair:2   | Found a runed translucent gate.
 12143 | Lair:2   | Found a runed translucent gate.
 12147 | Lair:2   | Noticed Peloso's ghost (journeyman MiFi)
 12712 | Lair:3   | Found a staircase to the Swamp.
 12892 | Lair:3   | Found a transporter.
 12903 | Lair:3   | Noticed Hojimuek's ghost (journeyman DsBe)
 12906 | Lair:3   | Noticed a seven-headed hydra
 12920 | Lair:3   | Found a transporter.
 12988 | Lair:3   | Reached ***** piety under Okawaru
 13339 | Lair:3   | Noticed Gastronok
 13353 | Lair:3   | Killed Gastronok
 13354 | Lair:3   | Reached skill level 16 in Long Blades
 13763 | D:12     | Noticed a two-headed ogre
 13769 | D:12     | Killed a two-headed ogre
 13771 | D:12     | Received a gift from Okawaru
 14189 | D:12     | Identified the +1 scale mail "Faisup" {rF- rN++}
 14191 | D:12     | Found a blossoming altar of Fedhas.
 14239 | D:12     | Noticed a two-headed ogre
 14246 | D:12     | Killed a two-headed ogre
 14823 | Snake:1  | Entered Level 1 of the Snake Pit
 14929 | Snake:1  | Identified the +1 dagger "Mulaing" {freeze, Contam rPois
                  | Will++ rCorr}
 14971 | Snake:1  | Reached XP level 13. HP: 107/118 MP: 12/12
 15193 | Orc:1    | Entered Level 1 of the Orcish Mines
 15193 | Orc:1    | Noticed Jorgrun
 15233 | Orc:1    | Noticed an orc warlord
 15239 | Orc:1    | Killed Jorgrun
 15523 | Orc:1    | Killed an orc warlord
 15694 | Orc:2    | Entered Level 2 of the Orcish Mines
 15694 | Orc:2    | Noticed an orc warlord
 15694 | Orc:2    | Found Tocosk's Antique Armour Emporium.
 15701 | Orc:2    | Identified the +0 buckler "Cybyniko" {Rampage Str+4}
                  | (Okawaru gifted it to you on level 2 of the Orcish Mines)
 15701 | Orc:2    | Received a gift from Okawaru
 15704 | Orc:2    | Killed an orc warlord
 15705 | Orc:2    | Reached skill level 17 in Long Blades
 15705 | Orc:2    | Reached skill level 15 in Armour
 15953 | Orc:2    | Found Lakoureg's Assorted Antiques.
 16214 | Orc:2    | Found Wuhenn's Antique Weapon Emporium.
 16228 | Orc:2    | Reached skill level 10 in Shields
 16308 | Orc:2    | Found Zoenany's General Store.
 16635 | Orc:2    | Found Loebb's Jewellery Shop.
 16777 | Orc:2    | Found a staircase to the Elven Halls.
 16955 | Orc:1    | Found a burning altar of Makhleb.
 17438 | D:13     | Identified the +8 chain mail of Poolehaq {rN+} (Okawaru
                  | gifted it to you on level 13 of the Dungeon)
 17438 | D:13     | Received a gift from Okawaru
 17488 | D:13     | Found a gate to the Vaults.
 17488 | D:13     | Noticed an ironbound preserver
 17499 | D:13     | Killed an ironbound preserver
 17500 | D:13     | Reached XP level 14. HP: 91/130 MP: 13/13
 17891 | D:13     | Noticed Josephine
 17902 | D:13     | Killed Josephine
 17964 | D:13     | Reached ****** piety under Okawaru
 18789 | Lair:4   | Reached skill level 5 in Dodging
 19090 | Lair:4   | Reached skill level 18 in Long Blades
 19375 | Lair:4   | Received a gift from Okawaru
 19789 | Lair:5   | Entered Level 5 of the Lair of Beasts
 19893 | Lair:5   | Found a viscous altar of Jiyva.
 19894 | Lair:5   | Found a staircase to the Slime Pits.
 19991 | Lair:5   | Reached skill level 15 in Fighting
 20141 | Lair:5   | Received a gift from Okawaru
 20213 | Lair:5   | Reached XP level 15. HP: 115/141 MP: 14/14
 20558 | Lair:5   | Identified the +2 scale mail of Cocytus {rElec rC- Dex+6
                  | SInv}
 21104 | Lair:5   | Identified the +4 pair of boots "Ysoofif" {+Blink rN+
                  | Str+2} (Okawaru gifted it to you on level 5 of the Lair of
                  | Beasts)
 21104 | Lair:5   | Received a gift from Okawaru
 21439 | Lair:5   | Identified the +4 robe of Shadows and Fog {-Cast rCorr
                  | Str+3}
 22389 | D:14     | Found a glowing silver altar of Zin.
 22754 | D:14     | Noticed Agnes
 22763 | Abyss:2  | Cast into level 2 of the Abyss (Agnes)
 23010 | Abyss:2  | Reached skill level 19 in Long Blades
 23068 | Abyss:2  | Noticed a tentacled starspawn
 23076 | Abyss:2  | Killed a tentacled starspawn
 23088 | Abyss:2  | Noticed a bone dragon
 23090 | Abyss:2  | Noticed a quicksilver dragon
 23100 | Abyss:2  | Killed a bone dragon
 23104 | Abyss:2  | Killed a quicksilver dragon
 23110 | Abyss:2  | Noticed a tentacled starspawn
 23115 | Abyss:2  | Killed a tentacled starspawn
 23118 | D:14     | Escaped the Abyss
 23120 | D:14     | Slain by Agnes

Illustrated notes

Levels and vault maps discovered:
D:1:      onia_arrival_mini_maze, layout_basic
D:2:      layout_loops_ring, amethyst_killhole
D:3:      layout_basic, mainiacjoe_overflow_paths, grunt_decor_mini_mirrors
D:4:      layout_cave_pods, grunt_dithmenos_smoke, lemuel_crystal_altar,
          mainiacjoe_overflow_catwalk, kennysheep_mini
D:5:      layout_basic, lemuel_coloured_pillars_altar
D:6:      old_forge, layout_basic, minmay_temple_entry_butterflies,
          nicolae_ossuary_entry_catacombs
D:7:      layout_layer_cave, serial_glass, glass_columns_a, glass_columns_a,
          serial_shops, shop, st_stairs_14
D:8:      layout_rooms, serial_shops, nicolae_shop_window_shopping
D:9:      layout_stronghold, mainiacjoe_overflow_small_starburst,
          erik_lair_island, uniq_joseph
D:10:     layout_stronghold, mainiacjoe_overflow_alcove_4
D:11:     layout_loops_ring, david_orc_3
D:12:     layout_big_octagon, fedhas_altar_3
D:13:     layout_loops_corners, skrybe_vaults_entry_preservation,
          minmay_misc_feat_secret_circle, uniq_josephine
D:14:     layout_basic, zin_angel, uniq_agnes
Temple:   jpeg_temple_clearing
Lair:1:   layout_loops_ring, minmay_lair_oklob_items
Lair:2:   layout_hall_layers, minmay_snake_entry_spellcaster,
          ebering_ghost_rock_garden, serial_bayou_pond_c, uniq_fannar,
          uniq_nergalle
Lair:3:   layout_regular_city, skrybe_swamp_entry_bodies, nzn_ghost_randoct,
          uniq_gastronok
Lair:4:   layout_roguey, fungi_pond_lemuel
Lair:5:   hangedman_lair_caniforms_friends, layout_small_grid,
          guppyfry_lair_end_dragon, slime_entry_1
Snake:1:  layout_basic, st_stairs_2, uniq_aizul
Orc:1:    layout_diamond_mine, basic_altar, uniq_jorgrun
Orc:2:    grunt_orc_gardens, layout_diamond_mine, grunt_orc_garden,
          grunt_orc_garden, grunt_orc_garden, grunt_orc_garden, serial_shops,
          shop

Skill      XL: |  1  2  3  4  5  6  7  8  9 10 11 12 13 14 15 |
---------------+----------------------------------------------+-----
Fighting       | 4 5 6 7 9 10 12 13 15 16 | 16.5
Armour         | 4 5 6 7 9 11 12 14 15 16 17 | 17.0
Shields        | 4 5 6 7 8 9 10 12 13 | 13.5
Long Blades    | 3 4 5 6 7 9 11 12 15 16 17 18 19 | 19.3
Dodging        | 1 2 3 4 6 |  6.9
Stealth        | 1 2 |  2.2
Evocations     | 1 |  1.0
Invocations    | |  0.7

Action                     |  1- 3 |  4- 6 |  7- 9 | 10-12 | 13-15 || total
---------------------------+-------+-------+-------+-------+-------++-------
  Melee: Long sword        |   102 |    46 |       |       |       ||   148
         Headbutt          |    12 |    11 |    26 |    61 |   140 ||   250
         Scimitar          |       |    45 |   129 |       |       ||   174
         Double sword      |       |       |    57 |   334 |   627 ||  1018
         Falchion          |       |       |       |       |     3 ||     3
 Invoke: Heroism           |       |       |       |     1 |     6 ||     7
  Evoke: Wand              |       |       |       |     2 |       ||     2
    Use: Scroll            |       |       |       |    17 |     3 ||    20
         Potion            |       |       |       |     3 |    10 ||    13
   Stab: Held in net/web   |       |       |     1 |       |       ||     1
 Armour: Scale mail        |    55 |       |       |       |       ||    55
         Chain mail        |     5 |    44 |   149 |   106 |   273 ||   577
         Plate armour      |       |       |       |    85 |    89 ||   174
  Dodge: Dodged            |    62 |    41 |    74 |   113 |   246 ||   536
  Block: Buckler           |    31 |    25 |    48 |    85 |    15 ||   204
         Kite shield       |       |       |       |       |   354 ||   354
